 Dungeon Crawl Stone Soup version 0.15.0-12-gccce430 (console) character file.

65 gw the Cudgeler (level 4, -3/49 HPs)
             Began as an Ogre Berserker on Aug 31, 2014.
             Was a Believer of Trog.
             Slain by a gnoll
             ... wielding a +0 flail
              (13 damage)
             ... on Level 2 of the Dungeon.
             The game lasted 00:00:19 (928 turns).

gw the Cudgeler (Ogre Berserker)                     Turns: 928, Time: 00:00:19

HP  -3/49        AC  3     Str 22      XL: 4   Next: 13%
MP   4/4         EV 10     Int  6      God: Trog [**....]
Gold 0           SH  0     Dex 10      Spells:  0 memorised,  3 levels left

rFire  . . .     SeeInvis .     a - +0 mace
rCold  . . .     Clarity  .     b - +0 animal skin
rNeg   . . .     rCorr    .     (shield restricted)
rPois  .         rRot     .     (helmet restricted)
rElec  .         Spirit   .     (no cloak)
SustAb .         Warding  .     (gloves unavailable)
rMut   .         Stasis   .     (boots unavailable)
Gourm  .                        (no amulet)
MR     .....                    (no ring)
                                (no ring)

@: exhausted, not resistant to hostile enchantments, very unstealthy
A: unfitting armour, tough skin 1
a: Burn Spellbooks, Berserk, Trog's Hand, Renounce Religion


You were on level 2 of the Dungeon.
You worshipped Trog.
Trog was pleased with you.
You were hungry.

You visited 1 branch of the dungeon, and saw 2 of its levels.

Inventory:

Hand weapons
 a - a +0 mace (weapon)
Missiles
 i - 15 stones (quivered)
Armour
 b - a +0 animal skin (worn)
Comestibles
 c - a meat ration
 f - a bread ration
 g - a royal jelly
Potions
 d - a potion of heal wounds {unknown}
 e - a potion of confusion {unknown}
 h - a potion of might {unknown}


   Skills:
 + Level 4.8 Fighting
 * Level 4.9 Maces & Flails
 + Level 1.5 Throwing
 + Level 3.3 Dodging


You had 3 spell levels left.
You didn't know any spells.

Dungeon Overview and Level Annotations

Branches:
Dungeon (2/15)

Altars:
Xom


Innate Abilities, Weirdness & Mutations

You are too large for most types of armour.
You have tough skin (AC +1).


Message History

The gnoll hits you with a flail.
MOVING TO (5,1) MOVING TO (4,1)
The gnoll closely misses you.
FLEEEEING!
MOVING TO (3,1) MOVING TO (2,1) MOVING TO (1,1)
The gnoll hits you with a flail.
MOVING TO (-5,1) MOVING TO (-4,0)
The gnoll hits you with a flail.
FLEEEEING!
MOVING TO (-3,0)
You feel yourself speed up.
MOVING TO (-2,0) MOVING TO (-1,0)
There is a stone staircase leading up here.
The gnoll hits you with a flail!
You die...

#... #.#.###+ #... #.#.##..
#...#####.#.##..
###+###########......#.##..
............................
########.##.####.###########
.......................#
##########.##.####..##.#.#
..............Og............
.........###..##.##..##.#.#
.#########.......##...# #
#####.#..##.##...#
..........#.##...#
#####.#...#.##.###
#.#...#)##.# # #.....##.#
#####.#..#..##.#


You could see a gnoll.

Table legend:
 A = Turns spent in this place as a percentage of turns spent in the entire game.
 B = Non-inter-level travel turns spent in this place as a percentage of non-inter-level travel turns spent in the entire game.
 C = Inter-level travel turns spent in this place as a percentage of turns spent in this place.
 D = Turns resting spent in this place as a percentage of non-inter-level travel turns spent in this place.
 E = Turns spent auto-exploring this place as a percentage of non-inter-level travel turns spent in this place.
 F = Non-inter-level travel turns spent in this place divided by the number of levels of this place that you've seen.
                   A       B       C       D       E      F
               +-------+-------+-------+-------+-------+----------------------
         Total | 100.0 | 100.0 |   0.6 |   7.8 |  26.9 |  83.5
       Dungeon | 100.0 | 100.0 |   0.6 |   7.8 |  26.9 |  83.5
               +-------+-------+-------+-------+-------+----------------------

Table legend:
 A = Kills in this place as a percentage of kills in entire the game.
 B = Kills by you in this place as a percentage of kills by you in the entire game.
 C = Kills by friends in this place as a percentage of kills by friends in the entire game.
 D = Other kills in this place as a percentage of other kills in the entire game.
 E = Experience gained in this place as a percentage of experience gained in the entire game.
 F = Experience gained in this place divided by the number of levels of this place that you have seen.
                   A       B       C       D       E      F
               +-------+-------+-------+-------+-------+----------------------
         Total | 100.0 | 100.0 |  -nan |  -nan | 100.0 |  46.5
       Dungeon | 100.0 | 100.0 |  -nan |  -nan | 100.0 |  46.5
               +-------+-------+-------+-------+-------+----------------------

Vanquished Creatures
  Jessica (D:2)
  3 gnolls (D:2)
  3 giant geckos
  A giant cockroach (D:1)
  5 goblins
  A hobgoblin (D:1)
  A giant newt (D:1)
  A kobold (D:1)
  A rat (D:1)
17 creatures vanquished.

Notes
Turn   | Place    | Note
--------------------------------------------------------------
     0 | D:1      | gw, the Ogre Berserker, began the quest for the Orb.
     0 | D:1      | Reached XP level 1. HP: 24/24 MP: 1/1
   135 | D:1      | Reached XP level 2. HP: 32/32 MP: 2/2
   390 | D:1      | Found a shimmering altar of Xom.
   392 | D:1      | Found a shimmering altar of Xom.
   392 | D:1      | Found a shimmering altar of Xom.
   700 | D:2      | Noticed Jessica
   712 | D:2      | Killed Jessica
   712 | D:2      | Reached skill level 1 in Throwing
   712 | D:2      | Reached XP level 3. HP: 35/40 MP: 3/3
   887 | D:2      | Acquired Trog's second power
   891 | D:2      | Reached XP level 4. HP: 41/49 MP: 4/4
   928 | D:2      | Slain by a gnoll

Action                   |  1- 3 |  4- 6 || total
-------------------------+-------+-------++-------
Melee: Mace              |    42 |       ||    42
Throw: Stone             |     1 |       ||     1
Invok: Berserk           |     1 |       ||     1
  Use: Scroll            |     2 |       ||     2

Vault maps used:
D:1:      minmay_arrival_split_and_join, xom_redecorated
D:2:      okawaru_ov_weapons_minmay, uniq_jessica
